 Dungeon Crawl Stone Soup version 0.31-a0-543-geaa9c7a2c0 (webtiles) character file.

Game seed: 428584448010200677

1250 AdnanSaban the Cudgeller (level 8, -8/48 HPs)
             Began as a Gargoyle Fighter on Aug 15, 2023.
             Mangled by a wyvern (12 damage)
             ... on level 4 of the Dungeon.
             The game lasted 00:04:43 (4217 turns).

AdnanSaban the Cudgeller (Gargoyle Fighter)         Turns: 4217, Time: 00:04:44

Health: -8/48      AC: 22    Str: 23    XL:     8   Next: 50%
Magic:  8/8        EV: 10    Int:  8    God:
Gold:   191        SH:  4    Dex:  9    Spells: 7/7 levels left

rFire   + + .        v - +2 flail (protect)
rCold   . . .        c - +0 buckler
rNeg    + . .        b - +0 scale mail
rPois   ∞            u - +0 helmet
rElec   +            k - +0 cloak
rCorr   .            (no gloves)
SInv    .            (no boots)
Will    .....        (no amulet) Stlth
                     C - ring of protection from fire
HPRegen 0.28/turn    D - ring of protection from fire
MPRegen 0.11/turn

%: no passive effects
@: under a protective aura
A: sickness immunity, AC +5, negative energy resistance 1, electricity
resistance, torment resistance 1, petrification resistance
a: no special abilities


You were on level 4 of the Dungeon.
You visited 1 branch of the dungeon, and saw 5 of its levels.

You collected 191 gold pieces.

Inventory:

Hand Weapons
 v - a +2 flail of protection (weapon)
Missiles
 o - 2 poisoned darts (quivered)
Armour
 b - a +0 scale mail (worn)
 c - a +0 buckler (worn)
 k - a +0 cloak (worn)
 u - a +0 helmet (worn)
Jewellery
 j - a ring of flight
 C - a ring of protection from fire (left hand)
 D - a ring of protection from fire (right hand)
Wands
 t - a wand of roots (10)
Scrolls
 g - a scroll of revelation {unknown}
 h - a scroll of enchant weapon {unknown}
 l - 6 scrolls of identify {unknown}
 m - 2 scrolls of teleportation {unknown}
 p - a scroll of immolation {unknown}
 s - a scroll of vulnerability {unknown}
 w - a scroll of amnesia {unknown}
 y - 2 scrolls of fog {unknown}
 B - 3 scrolls of noise {unknown}
 F - a scroll of silence {unknown}
 G - a scroll of fear {unknown}
Potions
 a - a potion of degeneration {unknown}
 d - 2 potions of might
 e - a potion of cancellation {unknown}
 f - 3 potions of berserk rage {unknown}
 i - 2 potions of mutation {unknown}
 n - a potion of attraction {unknown}
 q - 2 potions of curing {unknown}
 r - 2 potions of haste {unknown}
 x - a potion of magic {unknown}
 z - a potion of heal wounds {unknown}
 A - a potion of lignification {unknown}
 E - a potion of enlightenment {unknown}


   Skills:
 + Level 4.8 Fighting
 + Level 6.7 Maces & Flails
 + Level 1.0 Throwing
 + Level 5.8 Armour
 + Level 2.7 Dodging
 + Level 0.4 Stealth
 + Level 4.9 Shields


You had 7 spell levels left.
You didn't know any spells.
Your spell library contained the following spells:

 Spells                   Type           Power      Damage    Failure   Level
 Freeze                   Ice            0%         1d3       77%         1
 Shock                    Conj/Air       0%         1d3       77%         1
 Frozen Ramparts          Ice            0%         1d1       98%         3
 Hailstorm                Conj/Ice       0%         3d3       98%         3
 Ignite Poison            Fire/Tmut/Pois 0%         N/A       98%         3
 Swiftness                Air            0%         N/A       98%         3
 Airstrike                Air            0%         2d(0-16)  100%        4
 Freezing Cloud           Conj/Ice/Air   0%         6-21      100%        5
 Cigotuvi's Dreadful Rot  Necr/Pois/Air  Unusable   N/A       N/A         2

Dungeon Overview and Level Annotations

Branches:
Dungeon (5/15)
 Temple: D:4-7

Altars:
Uskayaw
Xom
Yredelemnul
Zin

Shops:
D:1 =   D:4 :


Innate Abilities, Weirdness & Mutations

You are immune to sickness and miasma.
Your stone body is resilient. (AC +5)
You are immune to poison.
You resist negative energy. (rN+)
You are resistant to electric shocks. (rElec)
You are resistant to unholy torment.
You are immune to petrification.


Message History

The wyvern bites you. The wyvern attacks as you move away!
The wyvern barely misses you.
There is a stone staircase leading up here.
The wyvern bites you. The bullfrog hits you.
* * * LOW HITPOINT WARNING * * *
The wyvern bites you but does no damage.
You climb upwards.
There is a stone staircase leading down here.
You hit the bullfrog.
Your weapon exudes an aura of protection.
The bullfrog is lightly wounded.
The bullfrog barely misses you. The wyvern bites you!
* * * LOW HITPOINT WARNING * * *
The bullfrog hits you but does no damage.
You sock the bullfrog!
The bullfrog is heavily wounded.
The wyvern barely misses you.
The bullfrog hits you but does no damage.
The wyvern bites you but does no damage.
You barely miss the bullfrog.
The bullfrog is heavily wounded.
The bullfrog hits you but does no damage.
The wyvern barely misses you. The bullfrog closely misses you.
You hit the bullfrog.
The bullfrog is severely wounded.
The wyvern bites you but does no damage.
The bullfrog hits you but does no damage.
You block the wyvern's attack.
The bullfrog hits you but does no damage.
You hit the bullfrog.
The bullfrog is almost dead.
The wyvern barely misses you. The bullfrog closely misses you.
The wyvern bites you but does no damage.
You hit the bullfrog.
You kill the bullfrog!
The wyvern misses you.
You sock the wyvern!
The wyvern is moderately wounded.
The wyvern bites you!
You die...

......#.(##......................
.....##..#.............#.........
.....##.##...........#.#...###..#
........#............#.#..###..##
...###...............#.##.###.##
...# ##.....)......#.#........#
#### #.....).......#.........##
.# ##......(...l##.......### ##
####.........@.#.._....## ##
#.#.......##........#...#
.###..............#........#
..................##.#.....#
........)......#.##..#..####
............(.##.....#.#####
#..............#.....#.....#
.....##.....#..............#
................#......##..#


You could see a wyvern.

Vanquished Creatures
  Sigmund (D:2)
  An ogre (D:5)
  A centaur (D:5)
  A phantom (D:4)
  A bullfrog (D:4)
  2 scorpions
  A water moccasin zombie (D:5)
  A howler monkey (D:4)
  2 bullfrog zombies
  A centaur zombie (D:4)
  An orc priest (D:5)
  A hound (D:3)
  3 jellies
  A scorpion zombie (D:4)
  2 iguanas (D:3)
  2 orc wizards
  A hound zombie (D:4)
  Robin (D:3)
  4 adders
  3 gnolls
  A worm (D:2)
  3 dart slugs
  8 orcs
  10 endoplasms
  6 giant cockroaches
  12 goblins
  14 hobgoblins
  5 jackals
  6 kobolds
  4 quokkas
  11 ball pythons
  3 bats
  A frilled lizard (D:3)
  A rat (D:3)
116 creatures vanquished.

Notes
Turn   | Place    | Note
-------+----------+-------------------------------------------
     0 | D:1      | AdnanSaban the Gargoyle Fighter began the quest for the
                  | Orb.
     0 | D:1      | Reached XP level 1. HP: 14/14 MP: 1/1
   184 | D:1      | Reached XP level 2. HP: 19/19 MP: 2/2
   389 | D:1      | Found Udghe Jiv's Jewellery Shoppe.
   775 | D:1      | You fall into a shaft and drop 1 floor!
   781 | D:2      | Found a glowing silver altar of Zin.
   812 | D:2      | Noticed Sigmund
   914 | D:1      | Reached XP level 3. HP: 20/24 MP: 3/3
  1197 | D:2      | Noticed Robin
  1200 | D:3      | Found a hide-covered altar of Uskayaw.
  1249 | D:3      | Reached skill level 1 in Dodging
  1543 | D:3      | Reached XP level 4. HP: 23/29 MP: 4/4
  2050 | D:3      | Killed Robin
  2113 | D:2      | Killed Sigmund
  2114 | D:2      | Reached skill level 4 in Maces & Flails
  2114 | D:2      | Reached XP level 5. HP: 30/33 MP: 5/5
  2114 | D:2      | Reached XP level 6. HP: 34/38 MP: 6/6
  2962 | D:4      | Found Lufome's Self-Published Books.
  2976 | D:4      | Reached skill level 5 in Armour
  2976 | D:4      | Reached XP level 7. HP: 39/43 MP: 7/7
  3053 | D:4      | Reached skill level 5 in Maces & Flails
  3137 | D:4      | Found a basalt altar of Yredelemnul.
  3316 | D:4      | Found a shimmering altar of Xom.
  3620 | D:5      | Entered Level 5 of the Dungeon
  3629 | D:5      | Reached skill level 6 in Maces & Flails
  3629 | D:5      | Reached XP level 8. HP: 15/48 MP: 8/8
  4181 | D:5      | Noticed a wyvern
  4183 | D:5      | Reached skill level 1 in Throwing
  4211 | D:4      | HP: 2/48 [wyvern (9)]
  4217 | D:4      | Mangled by a wyvern

Illustrated notes

Levels and vault maps discovered:
D:1:      dpeg_arrival_chambers_temple_mockup, layout_basic, serial_shops,
          nicolae_lakefront_shop
D:2:      layout_basic, basic_altar, uniq_robin, uniq_sigmund
D:3:      layout_basic, mainiacjoe_overflow_small_starburst
D:4:      layout_cave_pools, mainiacjoe_overflow_boulevard,
          nicolae_yredelemnul_corpse_copse, nicolae_custom_books,
          minmay_quantized
D:5:      layout_gridville, mainiacjoe_overflow_surrounded_room, serial_undead,
          serial_undead_d, serial_undead_c, serial_undead_e, serial_undead_d,
          hangedman_decor_riveting, minmay_hollow_rounded_squares

Skill      XL: |  1  2  3  4  5  6  7  8 |
---------------+-------------------------+-----
Dodging        | 1 2 |  2.7
Armour         | 4 5 |  5.8
Fighting       | 4 |  4.8
Maces & Flails | 4 6 |  6.7
Shields        | 4 |  4.9
Throwing       | 1 |  1.0
Stealth        | |  0.4

Action                     |  1- 3 |  4- 6 |  7- 9 || total
---------------------------+-------+-------+-------++-------
  Melee: Flail             |   111 |    15 |    49 ||   175
         Mace              |       |    99 |    69 ||   168
         Whip              |       |       |    69 ||    69
  Throw: Dart              |       |       |     2 ||     2
 Armour: Scale mail        |    71 |    90 |   155 ||   316
  Dodge: Dodged            |    57 |    50 |   129 ||   236
  Block: Buckler           |    29 |    26 |    52 ||   107

Table legend: (Time is in decaauts)
 A = Elapsed time spent in this place.
 B = Non-inter-level travel time spent in this place.
 C = Inter-level travel time spent in this place.
 D = Time resting spent in this place.
 E = Time spent auto-exploring this place.
 F = Levels seen in this place.
 G = Mean time per level.
                   A        B        C        D        E       F      G
               +--------+--------+--------+--------+--------+-----+--------+
         Total |   4292 |   4205 |     87 |     89 |   3128 |   5 |  858.4 |
       Dungeon |   4292 |   4205 |     87 |     89 |   3128 |   5 |  858.4 |
               +--------+--------+--------+--------+--------+-----+--------+

Top non-repeatable levels by time:
     D:3: 1175 daAuts
     D:1: 1155 daAuts
     D:4: 830 daAuts
     D:2: 665 daAuts
     D:5: 466 daAuts
